 Dungeon Crawl Stone Soup version 0.27-a0-1278-g6cbc8dfb29 (webtiles) character file.

Game seed: 3261468738703892237

918 sanka the Magician (level 8, 0/55 HPs)
             Began as a Djinni Necromancer on June 12, 2021.
             Slain by a killer bee (2 damage)
             ... on level 5 of the Dungeon.
             The game lasted 00:09:30 (8165 turns).

sanka the Magician (Djinni Necromancer)             Turns: 8165, Time: 00:09:31

Health: 0/55       AC:  2    Str:  7    XL:     8   Next: 31%
Gold:   265        EV: 13    Int: 18    God:
                   SH:  5    Dex: 15

rFire    + + .     SeeInvis .   k - +2 short sword (vamp)
rCold    x . .     Faith    .   (no shield)
rNeg     . . .     Spirit   .   a - +0 robe
rPois    ∞         Reflect  +   (no helmet)
rElec    .         Harm     .   (no cloak)
rCorr    .         Rampage  .   (no gloves)
Will     .....                  (boots unavailable)
Stlth    ++........             t - amulet of reflection
HPRegen  0.18/turn              (no ring)
MPRegen  0.00/turn              (no ring)

@: flying
A: sickness immunity, fire resistance 2, cold vulnerability 1, float, innate
caster, hp casting, extra vitality 1
a: no special abilities


You were on level 5 of the Dungeon.
You visited 1 branch of the dungeon, and saw 5 of its levels.

You collected 265 gold pieces.


Innate Abilities, Weirdness & Mutations

You are immune to sickness and miasma.
You are immune to poison.
Your flesh is very heat resistant. (rF++)
You are vulnerable to cold. (rC-)
You float through the air rather than walking.
You learn spells naturally, not from books.
Your magical power is your life essence.
You have superior vitality. (+4 HP)


   Skills:
 + Level 2.7 Fighting
 + Level 4.0 Dodging
 - Level 1.5 Stealth
 + Level 6.9 Spellcasting


You had one spell level left.
You knew the following spells:

 Your Spells              Type           Power      Damage    Failure   Level
b - Blink                 Tloc           N/A        N/A       1%          2
c - Agony                 Necr           31%        N/A       19%         5
u - Slow                  Hex            31%        N/A       1%          2
x - Pain                  Necr           100%       1d9       1%          1
y - Sandblast             Erth           62%        2d14      1%          1
z - Vampiric Draining     Necr           15%        2d8       1%          3
X - Animate Dead          Necr           15%        N/A       6%          4
Z - Animate Skeleton      Necr           62%        N/A       1%          1
Your spell library was empty.

Inventory:

Hand Weapons
 e - a +0 spear
 k - a +2 vampiric short sword (weapon)
Missiles
 l - 157 stones
Armour
 a - a +0 robe (worn)
 c - a +0 pair of gloves
Jewellery
 t - an amulet of reflection (around neck)
Scrolls
 b - 4 scrolls of identify {unknown}
 d - a scroll of immolation {unknown}
 f - 3 scrolls of amnesia {unknown}
 g - a scroll of silence {unknown}
 j - 2 scrolls of teleportation {unknown}
 p - a scroll of enchant weapon {unknown}
 s - a scroll of fog {unknown}
 u - a scroll of magic mapping {unknown}
Potions
 h - 2 potions of lignification {unknown}
 i - 2 potions of attraction {unknown}
 m - a potion of might {unknown}
 n - a potion of degeneration {unknown}
 o - a potion of curing {unknown}
 q - 2 potions of haste {unknown}
 r - a potion of magic {unknown}

Dungeon Overview and Level Annotations

Branches:
Dungeon (5/15)
 Temple: D:4-7

Altars:
Dithmenos
Elyvilon
Sif Muna
Vehumet

Shops:
D:2 *

Annotations:
D:4 2 transporters, Ge0ff's ghost, amateur DDFi

▒▒.......▒▒ ▒.......▒ ).'.......▒
▒.......▒ ▒)▒.▒.....▒▒ ▒.......▒
▒.)..▒.....▒ ▒.......▒
..▒.▒▒..▒..▒ ▒....)..▒ ▒
..▒..▒▒....▒▒ ▒.......▒▒▒▒▒
..▒.▒▒......▒ ▒▒▒▒.......▒...▒
..▒▒▒.....▒.▒▒▒▒▒▒.......[..▒...▒
................Ry..............'
▒▒▒▒▒.....▒▒..▒▒▒▒.Z........▒...▒
▒...).▒▒..▒ ▒...▒▒▒▒▒▒▒▒...▒
▒.....▒▒..▒▒▒▒...▒▒▒▒▒ ▒...▒
▒▒▒▒▒.))..▒.......▒......▒ ▒▒▒▒▒
..........▒.......▒......▒ ▒
..........▒.......▒......▒ ▒
......▒▒▒▒▒.......▒......▒ ▒
......▒ ▒.......▒......▒


You could see a killer bee and a water moccasin zombie.


Message History

The water moccasin zombie bites you.
You hit the water moccasin zombie.
The water moccasin zombie is heavily damaged.
The killer bee stings you!
* * * LOW HITPOINT WARNING * * *
You block the water moccasin zombie's attack.
The killer bee stings you.
* * * LOW HITPOINT WARNING * * *
Unknown command.
The killer bee stings you.
* * * LOW HITPOINT WARNING * * *
The killer bee closely misses you.
You block the water moccasin zombie's attack.
The killer bee barely misses you. The killer bee stings you.
* * * LOW HITPOINT WARNING * * *
A killer bee comes into view.
The killer bee stings you!
* * * LOW HITPOINT WARNING * * *
The killer bee moves out of view.
The killer bee stings you but does no damage.
You reach down and open the door.
The killer bee stings you!
* * * LOW HITPOINT WARNING * * *
The water moccasin zombie closely misses you.
The killer bee closely misses you. The killer bee barely misses you.
There is an open door here.
The killer bee stings you.
You die...

Action                   |  1- 3 |  4- 6 |  7- 9 || total
-------------------------+-------+-------+-------++-------
Melee: Spear             |    21 |    11 |       ||    32
       Short sword       |       |    23 |    74 ||    97
 Cast: Pain              |    64 |    15 |       ||    79
       Vampiric Draining |     5 |    11 |    44 ||    60
       Animate Skeleton  |       |     2 |       ||     2
       Sandblast         |       |     5 |       ||     5
 Stab: Sleeping          |       |     1 |       ||     1
Armor: Robe              |     3 |     9 |    23 ||    35
Dodge: Dodged            |    12 |    31 |   112 ||   155
Block: Other             |       |       |    17 ||    17

Levels and vault maps discovered:
D:1:      lightli_arrival_lavapool, layout_basic,
          chequers_ecumenical_altar_simple
D:2:      layout_basic, basic_altar, serial_rivers,
          chequers_serial_rivers_micro_b, chequers_serial_rivers_room_a,
          chequers_serial_rivers_marsh, chequers_serial_rivers_micro_b,
          chequers_serial_rivers_room_a, chequers_serial_rivers_marsh,
          serial_shops, shop_fountains, kennysheep_another_room, st_stairs_12
D:3:      minmay_wonky_spiral, layout_rooms, minitemple, uniq_grinder
D:4:      layout_layer_cave, old_standard_altar, gammafunk_ghost_stat_death,
          minmay_misc_feat_pillars
D:5:      layout_basic, hangedman_abyss_or_decor_slice, uniq_sigmund

Notes
Turn   | Place    | Note
-------+----------+-------------------------------------------
     0 | D:1      | sanka the Djinni Necromancer began the quest for the Orb.
     0 | D:1      | Reached XP level 1. HP: 15/15 MP: 0/0
    15 | D:1      | Found a faded altar of an unknown god.
   402 | D:1      | Reached XP level 2. HP: 14/21 MP: 0/0
  1344 | D:1      | Reached XP level 3. HP: 13/25 MP: 0/0
  1344 | D:1      | Learned a level 1 spell: Sandblast
  1857 | D:1      | Reached skill level 4 in Spellcasting
  2122 | D:2      | Found Riqug's Assorted Antiques.
  2288 | D:2      | Found a white marble altar of Elyvilon.
  3203 | D:2      | Reached XP level 4. HP: 31/31 MP: 0/0
  4292 | D:3      | Reached XP level 5. HP: 35/35 MP: 0/0
  4292 | D:3      | Learned a level 2 spell: Slow
  4535 | D:3      | Found a shadowy altar of Dithmenos.
  4542 | D:3      | Noticed Grinder
  4553 | D:3      | Paralysed by Grinder for 4 turns
  4566 | D:3      | Killed Grinder
  4567 | D:3      | Reached skill level 5 in Spellcasting
  4567 | D:3      | Reached XP level 6. HP: 36/40 MP: 0/0
  4950 | D:3      | Reached skill level 6 in Spellcasting
  5089 | D:3      | HP: 3/40 [orc (4)]
  5306 | D:3      | Reached XP level 7. HP: 29/45 MP: 0/0
  5306 | D:3      | Learned a level 2 spell: Blink
  6486 | D:4      | Found a transporter.
  6809 | D:4      | Reached skill level 1 in Fighting
  7117 | D:4      | Found a transporter.
  7639 | D:4      | Noticed Ge0ff's ghost (amateur DDFi)
  7666 | D:5      | Entered Level 5 of the Dungeon
  7717 | D:5      | Reached skill level 3 in Dodging
  7803 | D:5      | Noticed Sigmund
  7813 | D:5      | Killed Sigmund
  7814 | D:5      | Reached skill level 2 in Fighting
  7814 | D:5      | Reached XP level 8. HP: 38/55 MP: 0/0
  8030 | D:5      | Reached skill level 4 in Dodging
  8163 | D:5      | HP: 2/55 [killer bee (7)]
  8165 | D:5      | Slain by a killer bee

Vanquished Creatures
  Grinder (D:3)
  Sigmund (D:5)
  A scorpion (D:5)
  A gnoll shaman (D:3)
  A hound (D:4)
  A jelly (D:3)
  2 centaur skeletons (D:4)
  2 iguanas (D:4)
  2 orc priests
  An orc wizard (D:5)
  2 hound skeletons (D:4)
  A howler monkey skeleton (D:5)
  6 gnolls
  3 adders
  An adder skeleton (D:4)
  3 worms
  2 dart slugs
  10 orcs
  3 bats
  5 endoplasms
  4 giant cockroaches
  8 goblins
  3 hobgoblins
  4 jackals
  7 kobolds
  2 quokkas
  5 ball pythons
  4 frilled lizards
  A quokka skeleton (D:4)
  6 rats
93 creatures vanquished.
